Map: Tokamak LE

Players

Spirit (souL)

  • Race: Terran Terran
  • League: Grandmaster
  • Spawn Location: 7:00

Krystianer - Winner!

  • Race: Protoss Protoss
  • League: Master
  • Spawn Location: 1:00

Event: FEL Cracov 2025

VOD

Have the link to the VOD?

Description

Time

  • Played on: July 27, 2025, 9:13 a.m.
  • Length: 10:41

All games in this series

Show
View Real Time Build Order
Export as new Build Order

Spirit Terran 

Build Orders: Reaper Expand 

Get SALT Encoding   

  12  0:00  SCV  
  13  0:12  SCV  
  14  0:16  Supply Depot  
  14  0:24  SCV  
  15  0:38  SCV  
  15  0:39  Barracks  
  16  0:44  Refinery  
  16  0:50  SCV  
  17  1:02  SCV  
  18  1:07  Engineering Bay  
  18  1:14  SCV  
  19  1:27  Reaper  
  19  1:28  Orbital Command  
  20  1:55  SCV, Command Center  
  20  1:59  Marine  
  22  2:01  Supply Depot  
  22  2:07  SCV  
  23  2:12  Factory  
  23  2:22  Marine  
  23  2:23  SCV  
  23  2:28  Bunker  
  25  2:32  Refinery  
  25  2:35  SCV  
  26  2:42  Barracks Reactor  
  26  2:47  SCV  
  27  2:57  Hellion, Starport  
  29  2:59  SCV  
  30  3:07  Orbital Command  
  30  3:11  SCV  
  31  3:19  Marine x2  
  31  3:22  Widow Mine  
  31  3:23  SCV  
  36  3:33  SCV  
  37  3:35  Medivac, SCV  
  37  3:37  Marine x2  
  42  3:41  Supply Depot  
  42  3:45  SCV  
  42  3:47  SCV  
  42  3:48  Widow Mine  
  46  4:01  Supply Depot  
  46  4:03  Marine, SCV x2  
  46  4:07  Starport Tech Lab  
  46  4:09  Factory Tech Lab  
  46  4:11  Barracks  
  46  4:15  SCV x2  
  48  4:21  Marine  
  49  4:24  Supply Depot  
  49  4:26  Engineering Bay  
  49  4:27  Raven, SCV x2  
  49  4:28  Refinery  
  53  4:31  Siege Tank  
  56  4:39  SCV x2  
  58  4:46  Marine  
  58  4:51  SCV x2  
  59  5:02  Barracks  
  59  5:03  Siege Tank  
  59  5:04  SCV x2  
  63  5:08  Terran Infantry Weapons Level 1  
  63  5:10  Supply Depot  
  63  5:13  Marine  
  64  5:14  Marine x2  
  64  5:16  SCV x2  
  64  5:18  Stimpack  
  68  5:26  Starport Reactor  
  68  5:28  SCV x2  
  70  5:30  Command Center  
  70  5:31  Marine  
  70  5:32  Marine  
  70  5:35  Supply Depot  
  72  5:36  Supply Depot  
  72  5:40  SCV x2  
  72  5:41  Marine  
  75  5:45  Factory Reactor  
  75  5:49  Marauder  
  76  5:52  Marine  
  76  5:55  SCV  
  76  5:56  Refinery, SCV  
  78  5:58  Combat Shield  
  78  5:59  Supply Depot, Marine  
  78  6:00  Marauder  
  81  6:07  SCV  
  81  6:10  Marine  
  81  6:11  Marauder  
  84  6:13  SCV  
  84  6:17  Marine  
  84  6:21  Marauder  
  84  6:25  Barracks x2  
  86  6:26  Supply Depot  
  86  6:27  SCV  
  86  6:28  SCV  
  86  6:31  Marine  
  86  6:32  Marauder  
  89  6:35  Factory Reactor  
  89  6:37  Supply Depot  
  89  6:39  Medivac  
  92  6:40  SCV  
  92  6:43  Marauder  
  92  6:44  Medivac  
  92  6:45  SCV  
  97  6:47  Orbital Command  
  97  6:52  Marine  
  97  6:54  Marauder  
  100  6:55  Supply Depot  
  100  6:57  Marine  
  100  7:00  Missile Turret  
  101  7:02  Terran Infantry Armor Level 1  
  101  7:04  Marauder  
  101  7:10  Marine  
  101  7:14  Orbital Command, SCV  
  101  7:15  SCV, Marauder  
  106  7:16  Concussive Shells  
  106  7:17  Marine  
  106  7:19  Barracks Reactor, Barracks Tech Lab  
  106  7:20  Supply Depot  
  111  7:23  Widow Mine x2  
  111  7:25  Marauder, Sensor Tower  
  111  7:27  SCV, Bunker  
  113  7:31  SCV  
  113  7:35  Medivac x2  
  113  7:36  Marauder  
  120  7:37  Marine  
  120  7:39  SCV  
  120  7:42  SCV  
  120  7:43  SCV  
  124  7:44  Widow Mine  
  124  7:46  Supply Depot  
  124  7:47  Marauder  
  124  7:49  Marine  
  124  7:50  Marauder  
  129  7:51  SCV  
  129  7:55  Marine  
  129  7:57  Marine  
  129  7:58  Marauder, Widow Mine, Marine  
  128  8:07  Marine  
  128  8:08  Marauder  
  128  8:11  Marine  
  116  8:12  Marine  
  116  8:15  Marine  
  116  8:16  Marine  
  103  8:25  Marine  
  97  8:30  Marine  
  97  8:33  Marine  
  100  8:35  SCV  
  100  8:40  Medivac x2  
  91  8:41  SCV  
  91  8:44  Widow Mine x2  
  91  8:47  SCV  
  96  8:50  Marauder x2, Marine  
  96  8:53  SCV  
  96  8:54  Marine  
  103  8:59  SCV  
  103  9:00  Marine  
  103  9:02  Marine, Marauder  
  92  9:10  Marine, Medivac  
  92  9:12  Marine  
  92  9:15  Marauder  
  96  9:17  Marine  
  96  9:18  Orbital Command  
  96  9:19  Marine  
  96  9:31  Medivac  
  96  9:33  Marine  
  96  9:37  Marine  
  96  9:38  Ghost Academy  
  98  9:42  Marine  
  98  9:43  Marauder  
  98  9:45  Marine  
  99  9:50  Marauder  
  90  9:55  Marine  
  77  10:04  Marauder  
  66  10:08  Marine  
  66  10:09  Marine  
Show
View Real Time Build Order
Export as new Build Order

Krystianer Protoss - Winner!

Build Orders: 1 Gate Expand, Blink Stalkers 

Get SALT Encoding   

  12  0:00  Probe  
  13  0:12  Probe  
  14  0:17  Pylon  
  14  0:23  Probe  
  15  0:31  Probe  
  16  0:38  Gateway  
  16  0:39  Probe  
  16  0:45  Assimilator  
  17  0:50  Probe  
  18  1:02  Probe  
  19  1:15  Probe  
  20  1:28  Cybernetics Core  
  20  1:35  Probe  
  21  1:40  Nexus  
  21  1:45  Pylon  
  21  1:47  Probe  
  21  1:50  Assimilator  
  22  1:54  Adept  
  22  1:59  Probe  
  23  2:05  Warp Gate  
  25  2:11  Probe  
  25  2:14  Adept  
  25  2:24  Probe  
  28  2:30  Twilight Council  
  28  2:36  Probe  
  29  2:37  Blink  
  29  2:41  Stalker  
  31  2:52  Probe  
  31  2:54  Probe  
  33  3:04  Probe  
  34  3:06  Probe  
  35  3:16  Gateway, Probe  
  35  3:18  Probe  
  37  3:28  Probe, Gateway  
  37  3:30  Probe  
  39  3:34  Robotics Facility  
  39  3:40  Probe  
  40  3:42  Probe  
  40  3:44  Pylon  
  41  3:52  Probe  
  41  3:53  Stalker  
  41  3:55  Probe  
  45  4:04  Probe  
  45  4:08  Nexus  
  47  4:10  Probe  
  47  4:16  Probe  
  48  4:17  Assimilator  
  48  4:18  Observer  
  48  4:19  Pylon  
  48  4:23  Stalker  
  51  4:25  Probe  
  51  4:29  Probe  
  51  4:30  Observer  
  53  4:37  Stalker, Probe  
  53  4:38  Stalker  
  59  4:43  Probe  
  59  4:49  Probe  
  60  4:55  Probe  
  60  4:59  Pylon  
  62  5:07  Probe  
  62  5:13  Probe  
  62  5:15  Gateway  
  62  5:16  Probe, Charge, Gateway  
  62  5:17  Gateway  
  62  5:19  Probe  
  65  5:21  Probe  
  65  5:22  Stalker  
  65  5:24  Probe  
  65  5:27  Stalker  
  71  5:29  Probe  
  71  5:31  Probe  
  73  5:36  Probe, Templar Archives  
  74  5:46  Probe, Gateway  
  74  5:48  Gateway  
  74  5:49  Probe  
  75  5:50  Probe  
  74  5:58  Probe  
  74  6:02  Probe  
  74  6:03  Probe, Zealot  
  74  6:04  Zealot x2  
  83  6:07  Immortal  
  83  6:11  Pylon  
  83  6:13  Pylon  
  83  6:14  Psionic Storm  
  85  6:19  Probe  
  85  6:25  Pylon  
  85  6:27  Shield Battery, Assimilator  
  85  6:28  Pylon  
  85  6:30  Shield Battery, Probe  
  86  6:34  High Templar  
  86  6:35  Probe x2  
  86  6:38  Observer, Pylon  
  90  6:41  Zealot x2  
  90  6:45  High Templar  
  96  6:48  Warp Prism, Zealot  
  96  6:49  Forge  
  99  6:54  Probe x2  
  99  7:00  Zealot x2  
  106  7:04  Shield Battery  
  106  7:12  High Templar, Protoss Ground Weapons Level 1, Zealot  
  106  7:13  Zealot x2  
  112  7:17  Pylon  
  112  7:21  Zealot x3  
  118  7:34  Stalker x3  
  124  7:43  Zealot  
  124  7:44  Zealot x3  
  132  7:45  Pylon  
  131  8:05  Zealot x5  
  139  8:10  Warp Prism, Probe  
  139  8:12  Zealot x3, Probe  
  129  8:25  Stalker x4  
  129  8:26  Stalker  
  135  8:30  Robotics Bay  
  135  8:32  Pylon  
  125  8:42  High Templar x2  
  127  8:49  Zealot x4  
  127  8:52  Nexus  
  127  8:55  Pylon  
  127  9:08  Zealot x2  
  127  9:09  Stalker x4  
  137  9:22  Colossus  
  131  9:28  High Templar  
  133  9:36  Probe  
  133  9:38  Pylon  
  140  9:44  Zealot x7  
  154  9:45  Probe  
  154  9:49  Probe  
  146  10:05  High Templar  
  146  10:06  High Templar, Zealot x6  
  147  10:28  Zealot x6  
  147  10:31  Cybernetics Core  
Tags
 
Add a new tag
Caveats
  • Supply blocks, unpowered buildings, or Contaminate may cause inaccurate times.
  • Supply counts are checked every 10 seconds.